Map: Ruins of Endion

Players

Miszu - Winner!

  • Race: Terran Terran
  • League: Grandmaster

Hopt

  • Race: Terran Terran
  • League: Master

VOD

Have the link to the VOD?

Description

Time

  • Played on: May 27, 2016, 2:31 p.m.
  • Length: 10:29
Show
View Real Time Build Order
Export as new Build Order

Miszu Terran - Winner!

Build Orders: 1/1/1, Banshee Rush 

Get SALT Encoding   

  12  0:00  SCV  
  13  0:13  SCV  
  14  0:17  Supply Depot  
  14  0:25  SCV  
  14  0:27  Refinery  
  15  0:39  SCV  
  16  0:45  Barracks  
  16  0:51  SCV  
  16  0:56  Refinery  
  17  1:03  SCV  
  18  1:15  SCV  
  19  1:27  SCV  
  20  1:33  Factory  
  20  1:34  Reaper  
  20  1:39  Orbital Command  
  21  1:48  Supply Depot  
  21  2:05  SCV  
  21  2:06  Reaper  
  23  2:16  Hellion  
  23  2:17  Starport  
  23  2:20  SCV  
  24  2:38  Hellion  
  24  2:43  Reaper  
  27  2:45  SCV  
  27  2:48  Supply Depot  
  28  2:57  SCV  
  29  2:59  Medivac  
  31  3:10  Hellion, SCV  
  34  3:15  Barracks Tech Lab  
  34  3:33  Command Center  
  34  3:36  Factory Tech Lab, SCV  
  34  3:38  Cloaking Field  
  35  3:41  Barracks Reactor  
  35  3:46  Banshee  
  38  3:51  Supply Depot  
  38  4:00  SCV  
  37  4:12  Siege Tank  
  40  4:17  SCV  
  40  4:24  Barracks  
  40  4:25  Barracks  
  40  4:30  Banshee  
  43  4:33  SCV  
  44  4:40  Supply Depot  
  44  4:48  Siege Tank  
  44  4:50  SCV  
  39  5:08  SCV  
  39  5:09  Marine x2  
  39  5:13  Barracks Tech Lab  
  39  5:14  Banshee  
  45  5:17  Orbital Command  
  45  5:18  Barracks Tech Lab  
  45  5:26  Marine  
  46  5:29  SCV  
  47  5:36  Engineering Bay  
  47  5:41  SCV  
  47  5:42  Marine x2  
  50  5:44  SCV  
  51  5:53  SCV  
  51  5:54  Refinery  
  51  5:56  SCV  
  53  6:01  Marine  
  57  6:04  Siege Tank  
  57  6:05  Starport Reactor, SCV  
  57  6:08  SCV  
  59  6:14  Marine  
  59  6:15  Marine  
  59  6:17  SCV  
  56  6:20  SCV  
  56  6:22  Marine  
  43  6:26  Marine  
  43  6:29  SCV  
  43  6:32  Marine x2  
  34  6:40  Marine  
  34  6:44  Marine  
  29  6:48  SCV  
  29  6:49  Marine  
  29  6:50  Marine, SCV  
  28  7:00  SCV  
  28  7:01  Marine  
  28  7:02  SCV  
  30  7:11  Stimpack  
  30  7:12  SCV  
  30  7:14  SCV  
  32  7:19  Marine  
  33  7:24  SCV  
  33  7:27  SCV  
  35  7:34  Marine x3  
  35  7:36  SCV  
  39  7:37  Marine  
  39  7:39  SCV  
  39  7:42  Terran Infantry Weapons Level 1  
  41  7:48  SCV  
  41  7:51  SCV  
  43  7:52  Marine x3  
  46  8:00  Marine, SCV  
  46  8:05  SCV  
  49  8:09  Marine  
  49  8:10  Marine  
  49  8:12  SCV  
  49  8:16  Marine  
  49  8:17  SCV  
  49  8:18  Marine  
  71  8:20  Medivac  
  52  8:24  SCV  
  55  8:27  Marine  
  55  8:29  SCV  
  55  8:30  Supply Depot  
  57  8:36  Siege Tank  
  57  8:37  SCV  
  61  8:41  SCV  
  61  8:46  Marine  
  63  8:49  SCV  
  63  8:50  Marine  
  63  8:53  Supply Depot, Medivac, SCV  
  68  8:59  Marine  
  68  9:01  SCV  
  70  9:05  SCV  
  70  9:07  Marine  
  70  9:08  Marine  
  73  9:13  SCV  
  74  9:17  Marine  
  74  9:18  Marine  
  78  9:25  Marine  
  78  9:26  Marine, Siege Tank  
  78  9:30  SCV  
  82  9:33  SCV  
  82  9:35  Marine  
  82  9:37  Supply Depot  
  84  9:41  Supply Depot, Marine  
  84  9:42  SCV  
  86  9:59  Marine x2, SCV  
  89  10:01  Marine  
  82  10:09  Marine  
Show
View Real Time Build Order
Export as new Build Order

Hopt Terran 

Build Orders: Reaper Expand, MMM Bio 

Get SALT Encoding   

  12  0:01  SCV  
  13  0:13  SCV  
  14  0:17  Supply Depot  
  14  0:25  SCV  
  15  0:39  SCV  
  15  0:40  Barracks  
  16  0:45  Refinery  
  16  0:51  SCV  
  17  1:03  SCV  
  18  1:15  SCV  
  19  1:27  Orbital Command  
  19  1:29  Reaper  
  20  1:45  Command Center  
  20  1:54  SCV  
  20  1:57  Supply Depot  
  21  2:07  SCV  
  21  2:08  Barracks Reactor  
  22  2:13  Refinery  
  22  2:19  SCV  
  23  2:23  Factory  
  23  2:31  SCV  
  23  2:43  Marine, SCV  
  25  2:45  Marine  
  26  2:55  SCV  
  26  3:01  Marine  
  26  3:02  Marine  
  27  3:07  Starport, Factory Tech Lab, SCV  
  28  3:19  Marine, SCV  
  30  3:20  Marine  
  31  3:27  Supply Depot  
  31  3:45  Supply Depot  
  31  3:49  Marine x2, Cyclone, SCV  
  38  3:59  Command Center  
  38  4:01  SCV  
  39  4:07  Medivac  
  40  4:13  SCV  
  40  4:18  Marine x2  
  42  4:24  Supply Depot  
  42  4:25  Siege Tank, SCV  
  46  4:37  SCV  
  47  4:47  Marine x2  
  47  4:49  SCV  
  47  4:50  Medivac  
  52  4:56  Supply Depot  
  52  4:58  Barracks  
  51  5:02  SCV  
  49  5:14  SCV  
  50  5:26  Marine x2, SCV  
  53  5:36  Engineering Bay  
  53  5:37  Barracks  
  53  5:38  SCV  
  53  5:40  Orbital Command  
  54  5:48  Barracks Tech Lab  
  54  5:50  SCV  
  55  6:02  SCV  
  55  6:03  Starport Reactor, Marine x2  
  58  6:08  SCV, Missile Turret  
  57  6:14  SCV  
  55  6:20  SCV  
  55  6:25  Marine x2  
  53  6:26  SCV  
  53  6:28  Marine  
  53  6:30  Barracks Tech Lab  
  56  6:32  SCV  
  56  6:37  Stimpack  
  56  6:38  SCV  
  57  6:44  SCV  
  48  6:48  Marine  
  48  6:49  Marine  
  48  6:50  SCV  
  48  6:51  Marine x2  
  43  6:57  SCV  
  43  7:01  Missile Turret  
  41  7:03  SCV  
  40  7:09  SCV  
  40  7:11  Marine  
  40  7:12  Marine x2  
  40  7:15  SCV  
  45  7:18  Marine  
  45  7:19  Combat Shields  
  45  7:23  SCV  
  45  7:28  SCV  
  46  7:30  Marine  
  46  7:34  Viking  
  46  7:36  SCV  
  50  7:43  Siege Tank  
  53  7:51  SCV x2  
  54  7:59  Marine x3  
  54  8:03  SCV  
  54  8:05  Marine  
  57  8:08  SCV  
  58  8:15  SCV  
  58  8:17  Marine x2  
  61  8:20  SCV  
  61  8:23  Supply Depot  
  62  8:27  SCV  
  62  8:28  Marine  
  62  8:33  SCV  
  65  8:36  Marine x2  
  65  8:39  Marine  
  68  8:43  SCV  
  68  8:47  Supply Depot x2  
  68  8:48  SCV  
  70  8:49  Command Center  
  70  8:55  SCV  
  70  8:58  Medivac, Siege Tank  
  70  8:59  Medivac  
  70  9:02  SCV  
  79  9:11  SCV  
  79  9:12  Barracks  
  79  9:14  Barracks, SCV  
  81  9:20  Marine  
  81  9:21  Marine x3  
  81  9:23  SCV  
  86  9:25  Supply Depot  
  86  9:27  Supply Depot, SCV  
  86  9:28  Medivac  
  88  9:38  Marine x3  
  91  9:51  Marine  
  91  9:52  Siege Tank  
  94  9:56  Marine x3  
  94  9:58  SCV x2  
  94  10:05  Marine  
  94  10:06  Marine  
  74  10:09  Marine  
Tags
 
Add a new tag
Caveats
  • Supply blocks, unpowered buildings, or Contaminate may cause inaccurate times.
  • Supply counts are checked every 10 seconds.